PBL
SAN FRANCISCO GIANTS @ LOS ANGELES DODGERS
07/27/2071
 
TOP OF THE 1ST
San Francisco Giants batting - Pitching for Los Angeles Dodgers : RHP Alejandro Franco
Pitching: RHP Alejandro Franco
Batting: RHB Jorge Luna 0-0: Called Strike
0-1: Ball
1-1: Swinging Strike
1-2: Ground out 2-3 (Groundball, 13S, EV 64.4 MPH)
Batting: LHB Emílio López 0-0: Ball
1-0: Called Strike
1-1: Ball
2-1: Swinging Strike
2-2: Strikes out swinging
Batting: SHB Jesús Sosa 0-0: Foul Ball, location: 9LMF
0-1: Ball
1-1: Called Strike
1-2: Foul Ball, location: 2F
1-2: Ball
2-2: Ball
3-2: Ground out 4-3 (Groundball, 34, EV 105.6 MPH)
Top of the 1st over - 0 runs, 0 hits, 0 errors, 0 left on base; San Francisco 0 - Los Angeles 0
BOTTOM OF THE 1ST
Los Angeles Dodgers batting - Pitching for San Francisco Giants : LHP Chris Carlton
Pitching: LHP Chris Carlton
Batting: LHB Marcos Miró 0-0: Foul Ball, location: 5DF
0-1: Ground out 4-3 (Groundball, 34, EV 102.5 MPH)
Batting: RHB Bill McBryde 0-0: Ball
1-0: Ball
2-0: Ball
3-0: Base on Balls
Batting: LHB Bradley Richards 0-0: 2-RUN HOME RUN (Flyball, 9LD, EV 95.6 MPH), Distance : 338 ft
Batting: LHB Bill McMillan 0-0: Foul Ball, location: 3SF
0-1: Swinging Strike
0-2: Ball
1-2: Foul Ball, location: 5F
1-2: Foul Ball, location: 2F
1-2: Ball
2-2: Ground out 4-3 (Groundball, 34D, EV 98.1 MPH)
Batting: RHB Andrés Ortíz 0-0: Ball
1-0: Called Strike
1-1: Foul Ball, location: 9LMF
1-2: Strikes out swinging
Bottom of the 1st over - 2 runs, 1 hit, 0 errors, 0 left on base; San Francisco 0 - Los Angeles 2
TOP OF THE 2ND
San Francisco Giants batting - Pitching for Los Angeles Dodgers : RHP Alejandro Franco
Batting: LHB Denis Gustafson 0-0: Ball
1-0: Called Strike
1-1: Foul Ball, location: 25FF
1-2: Ball
2-2: Foul Ball, location: 7LDF
2-2: DOUBLE (Line Drive, 3D, EV 100.6 MPH)
Batting: RHB Rafael Pérez 0-0: Called Strike
0-1: Ball
1-1: Ball
2-1: Fly out, F9 (Flyball, 9D, EV 95.0 MPH)
Runner from 2nd tags up, SAFE at 3rd, no throw by RF
Batting: LHB Donald Barnes 0-0: Ball
1-0: Called Strike
1-1: Foul Ball, location: 23F
1-2: Foul Ball, location: 9LMF
1-2: Strikes out swinging
Batting: RHB Juan Guzmán 0-0: Ball
1-0: Called Strike
1-1: Called Strike
1-2: Ball
2-2: Ball
3-2: Strikes out swinging
Top of the 2nd over - 0 runs, 1 hit, 0 errors, 1 left on base; San Francisco 0 - Los Angeles 2
BOTTOM OF THE 2ND
Los Angeles Dodgers batting - Pitching for San Francisco Giants : LHP Chris Carlton
Pitching: RHP Francisco Mendoza
Batting: RHB Emílio Méndez 0-0: Ball
1-0: Ball
2-0: Ball
3-0: Base on Balls
Batting: RHB Christian Gibbons 0-0: Called Strike
0-1: Ball
1-1: Foul Ball, location: 2LF
1-2: Fly out, F7 (Line Drive, 7, EV 91.9 MPH)
Batting: RHB John Cobb 0-0: Ball
1-0: Ball
2-0: Ball
3-0: Called Strike
3-1: Called Strike
3-2: Foul Ball, location: 2F
3-2: Strikes out swinging
Batting: RHB Sam Jackson 0-0: Ball
1-0: Ball
2-0: Foul Ball, location: 2F
2-1: SINGLE (Line Drive, 9S, EV 105.0 MPH)
Emílio Méndez to second
Runner from 2nd tries for 3rd, SAFE, throw by RF made to third
Batting: LHB Marcos Miró 0-0: Ball
1-0: Foul Ball, location: 2RF
1-1: Called Strike
1-2: Ball
2-2: Ball
3-2: Base on Balls
Sam Jackson to second
Batting: RHB Bill McBryde 0-0: Ball
1-0: GRAND SLAM HOME RUN (Flyball, 7D, EV 100.6 MPH), Distance : 379 ft
Batting: LHB Bradley Richards 0-0: Ball
1-0: Called Strike
1-1: Ball
2-1: Swinging Strike
2-2: Ball
3-2: Base on Balls
Batting: LHB Bill McMillan 0-0: Called Strike
0-1: Fly out, F4 (Popup, 4, EV 73.1 MPH)
Bottom of the 2nd over - 4 runs, 2 hits, 0 errors, 1 left on base; San Francisco 0 - Los Angeles 6
TOP OF THE 3RD
San Francisco Giants batting - Pitching for Los Angeles Dodgers : RHP Alejandro Franco
Batting: RHB Elmer Encarnación 0-0: Called Strike
0-1: Reached on error, E6 (Groundball, 56D, EV 85.0 MPH)
Batting: RHB Kenkichi Gato 0-0: Called Strike
0-1: Swinging Strike
0-2: Ball
1-2: Foul Ball, location: 2F
1-2: Strikes out swinging
Batting: RHB Jorge Luna 0-0: Foul Ball, location: 2F
0-1: Foul Ball, location: 5F
0-2: DOUBLE (Flyball, 8RXD, EV 110.0 MPH)
Elmer Encarnación to third
Batting: LHB Emílio López 0-0: Ball
1-0: Foul Ball, location: 5F
1-1: Ground out U3 (Groundball, 34, EV 86.9 MPH)
Elmer Encarnación scores
Jorge Luna to third
Batting: SHB Jesús Sosa 0-0: Called Strike
0-1: Ball
1-1: Ball
2-1: Fly out, F9 (Line Drive, 9, EV 105.0 MPH)
Top of the 3rd over - 1 run, 1 hit, 1 error, 1 left on base; San Francisco 1 - Los Angeles 6
BOTTOM OF THE 3RD
Los Angeles Dodgers batting - Pitching for San Francisco Giants : RHP Francisco Mendoza
Batting: RHB Andrés Ortíz 0-0: Foul Ball, location: 25FF
0-1: Fly out, F8 (Flyball, 89S, EV 93.1 MPH)
Batting: RHB Emílio Méndez 0-0: Ground out 5-3 (Groundball, 56, EV 89.4 MPH)
Batting: RHB Christian Gibbons 0-0: Foul Ball, location: 2F
0-1: Ball
1-1: Ball
2-1: SINGLE (Groundball, 34D, EV 110.6 MPH)
Batting: RHB John Cobb 0-0: Called Strike
0-1: Ball
1-1: Ground out 4-3 (Groundball, 4, EV 88.1 MPH)
Bottom of the 3rd over - 0 runs, 1 hit, 0 errors, 1 left on base; San Francisco 1 - Los Angeles 6
TOP OF THE 4TH
San Francisco Giants batting - Pitching for Los Angeles Dodgers : RHP Alejandro Franco
Batting: LHB Denis Gustafson 0-0: Ball
1-0: SINGLE (Line Drive, 56D, EV 106.9 MPH)
Batting: RHB Rafael Pérez 0-0: Called Strike
0-1: Ball
1-1: Ball
2-1: Swinging Strike
2-2: Foul Ball, location: 2F
2-2: Foul Ball, location: 2LF
2-2: Foul Ball, location: 9LDF
2-2: Ball
3-2: SINGLE (Flyball, 8LS, EV 91.9 MPH)
Denis Gustafson to second
Denis Gustafson to third
Batting: LHB Donald Barnes 0-0: Foul Ball, location: 2F
0-1: Ball
1-1: Foul Ball, location: 2F
1-2: Ball
2-2: Fly out, F6 (Popup, 4S, EV 82.5 MPH)
Batting: RHB Juan Guzmán 0-0: Ball
1-0: Called Strike
1-1: Foul Ball, location: 3DF
1-2: 3-RUN HOME RUN (Flyball, 89XD, EV 105.6 MPH), Distance : 394 ft
Batting: RHB Elmer Encarnación 0-0: Ball
1-0: Swinging Strike
1-1: Swinging Strike
1-2: Strikes out swinging
Batting: RHB Kenkichi Gato 0-0: Ball
1-0: Foul Ball, location: 2F
1-1: Fly out, F4 (Popup, 13, EV 74.4 MPH)
Top of the 4th over - 3 runs, 3 hits, 0 errors, 0 left on base; San Francisco 4 - Los Angeles 6
BOTTOM OF THE 4TH
Los Angeles Dodgers batting - Pitching for San Francisco Giants : RHP Francisco Mendoza
Batting: RHB Sam Jackson 0-0: Ball
1-0: Called Strike
1-1: Swinging Strike
1-2: Foul Ball, location: 2F
1-2: Ball
2-2: Strikes out swinging
Batting: LHB Marcos Miró 0-0: Called Strike
0-1: Called Strike
0-2: Ball
1-2: SINGLE (Line Drive, 9S, EV 103.8 MPH)
Batting: RHB Bill McBryde 0-0: Grounds into double play, 4-6-3 (Groundball, 4S, EV 90.0 MPH)
Bottom of the 4th over - 0 runs, 1 hit, 0 errors, 0 left on base; San Francisco 4 - Los Angeles 6
TOP OF THE 5TH
San Francisco Giants batting - Pitching for Los Angeles Dodgers : RHP Alejandro Franco
Batting: RHB Jorge Luna 0-0: Ball
1-0: Ball
2-0: Called Strike
2-1: Foul Ball, location: 2F
2-2: Foul Ball, location: 5F
2-2: Foul Ball, location: 2F
2-2: Ground out 3-1 (Groundball, 34, EV 88.1 MPH)
Batting: LHB Emílio López 0-0: SINGLE (Groundball, 34D, EV 95.0 MPH)
Batting: SHB Jesús Sosa 0-0: Foul Ball, location: 2LF
0-1: Ball
Wild Pitch!
Emílio López to second
1-1: Called Strike
1-2: Ball
2-2: Ground out 6-3 (Groundball, 6, EV 88.8 MPH)
Emílio López to third
Batting: LHB Denis Gustafson 0-0: Ball
1-0: Swinging Strike
1-1: Ball
2-1: Ball
3-1: SINGLE (Groundball, 6MD, EV 88.8 MPH) (infield hit)
Emílio López scores
Pitching: RHP Pedro Colón
Batting: RHB Rafael Pérez 0-0: Foul Ball, location: 5F
0-1: Swinging Strike
0-2: Fly out, F7 (Flyball, 7D, EV 107.5 MPH)
Top of the 5th over - 1 run, 2 hits, 0 errors, 1 left on base; San Francisco 5 - Los Angeles 6
BOTTOM OF THE 5TH
Los Angeles Dodgers batting - Pitching for San Francisco Giants : RHP Francisco Mendoza
Batting: LHB Bradley Richards 0-0: Ball
1-0: Called Strike
1-1: Ball
2-1: Called Strike
2-2: Foul Ball, location: 3F
2-2: Foul Ball, location: 2F
2-2: Fly out, F6 (Popup, 6M, EV 72.5 MPH)
Batting: LHB Bill McMillan 0-0: Swinging Strike
0-1: Fly out, F8 (Flyball, 8LM, EV 91.3 MPH)
Batting: RHB Andrés Ortíz 0-0: Foul Ball, location: 25FF
0-1: Ball
1-1: Ball
2-1: Foul Ball, location: 25F
2-2: Foul Ball, location: 2F
2-2: Foul Ball, location: 9LDF
2-2: Foul Ball, location: 9LSF
2-2: Foul Ball, location: 2F
2-2: Foul Ball, location: 3F
2-2: Ball
3-2: Ground out 6-3 (Groundball, 6, EV 107.5 MPH)
Bottom of the 5th over - 0 runs, 0 hits, 0 errors, 0 left on base; San Francisco 5 - Los Angeles 6
TOP OF THE 6TH
San Francisco Giants batting - Pitching for Los Angeles Dodgers : RHP Pedro Colón
Batting: LHB Donald Barnes 0-0: Ball
1-0: Foul Ball, location: 2F
1-1: Fly out, F8 (Line Drive, 89D, EV 85.0 MPH)
Batting: RHB Juan Guzmán 0-0: Swinging Strike
0-1: Foul Ball, location: 5F
0-2: Foul Ball, location: 2F
0-2: SINGLE (Line Drive, 9S, EV 110.6 MPH)
Batting: RHB Elmer Encarnación 0-0: Ball
Pickoff Throw to First - Out! 1-3
1-0: Ball
2-0: Called Strike
2-1: Ball
3-1: DOUBLE (Flyball, 8RXD, EV 106.3 MPH)
Batting: RHB Kenkichi Gato 0-0: Fly out, F5 (Popup, 56S, EV 72.5 MPH)
Top of the 6th over - 0 runs, 2 hits, 0 errors, 1 left on base; San Francisco 5 - Los Angeles 6
BOTTOM OF THE 6TH
Los Angeles Dodgers batting - Pitching for San Francisco Giants : RHP Francisco Mendoza
Batting: RHB Emílio Méndez 0-0: Ground out 6-3 (Groundball, 56D, EV 94.4 MPH)
Batting: RHB Christian Gibbons 0-0: SINGLE (Groundball, 34D, EV 102.5 MPH)
Batting: RHB John Cobb 0-0: Ball
1-0: Ground out 6-3 (Groundball, 6MS, EV 68.8 MPH)
Christian Gibbons to second
Batting: RHB Sam Jackson 0-0: SINGLE (Line Drive, 4MD, EV 112.5 MPH)
Christian Gibbons to third
Runner from 3rd tries for Home, SAFE, throw by CF to home
Pitching: RHP Ryan Roberge
Batting: LHB Marcos Miró 0-0: Ball
1-0: Foul Ball, location: 2F
1-1: Ball
2-1: Ball
3-1: Fly out, F4 (Line Drive, 4M, EV 72.5 MPH)
Bottom of the 6th over - 1 run, 2 hits, 0 errors, 1 left on base; San Francisco 5 - Los Angeles 7
TOP OF THE 7TH
San Francisco Giants batting - Pitching for Los Angeles Dodgers : RHP Pedro Colón
Pitching: RHP Jorge Rodríguez
Batting: RHB Jorge Luna 0-0: Ball
1-0: Fly out, F8 (Flyball, 8LD, EV 103.8 MPH)
Batting: LHB Emílio López 0-0: Ball
1-0: Swinging Strike
1-1: Ball
2-1: SINGLE (Line Drive, 6D, EV 98.8 MPH)
Batting: SHB Jesús Sosa 0-0: Ball
1-0: Foul Ball, location: 25F
1-1: Foul Ball, location: 2F
1-2: Ball
2-2: Ball
3-2: Base on Balls
Emílio López to second
Batting: LHB Denis Gustafson 0-0: Ball
1-0: Called Strike
1-1: Ball
2-1: Ball
3-1: Foul Ball, location: 7LSFF
3-2: Foul Ball, location: 5FF
3-2: Foul Ball, location: 23F
3-2: Foul Ball, location: 2F
3-2: DOUBLE (Flyball, 78XD, EV 110.6 MPH)
Emílio López scores
Jesús Sosa to third
Runner from 3rd tries for Home, SAFE, throw by CF to home
Pitching: RHP Bo Miller
Batting: RHB Rafael Pérez 0-0: Ball
1-0: Ball
2-0: Ball
3-0: Called Strike
3-1: Base on Balls
Batting: LHB Donald Barnes 0-0: Called Strike
0-1: Called Strike
0-2: Ball
1-2: SINGLE (Flyball, 9S, EV 96.9 MPH)
Denis Gustafson to third
Rafael Pérez to second
Batting: RHB Juan Guzmán 0-0: Called Strike
0-1: Ball
1-1: Called Strike
1-2: Ball
2-2: Ball
3-2: Foul Ball, location: 7LMFF
3-2: Foul Ball, location: 2F
3-2: Base on Balls
Denis Gustafson scores
Rafael Pérez to third
Donald Barnes to second
Batting: RHB Elmer Encarnación 0-0: Ball
1-0: Ball
2-0: Grounds into fielders choice 6-2 (Groundball, 56, EV 87.5 MPH)
Donald Barnes to third
Juan Guzmán to second
Batting: RHB Kenkichi Gato 0-0: Ball
1-0: Called Strike
1-1: Ball
2-1: Ground out 4-3 (Groundball, 4, EV 81.9 MPH)
Top of the 7th over - 3 runs, 3 hits, 0 errors, 3 left on base; San Francisco 8 - Los Angeles 7
BOTTOM OF THE 7TH
Los Angeles Dodgers batting - Pitching for San Francisco Giants : RHP Ryan Roberge
Batting: RHB Bill McBryde 0-0: Ball
1-0: Swinging Strike
1-1: Called Strike
1-2: SINGLE (Groundball, 34D, EV 94.4 MPH)
Pitching: LHP Eduardo Gallardo
Pinch Hitting: RHB Enrique Pérez 0-0: Ball
1-0: Grounds into double play, 6-4-3 (Groundball, 6, EV 99.4 MPH)
Batting: LHB Bill McMillan 0-0: Called Strike
0-1: Ball
1-1: Swinging Strike
1-2: Foul Ball, location: 7LMF
1-2: Ball
2-2: Foul Ball, location: 25F
2-2: Fly out, F6 (Popup, 4MD, EV 56.9 MPH)
Bottom of the 7th over - 0 runs, 1 hit, 0 errors, 0 left on base; San Francisco 8 - Los Angeles 7
TOP OF THE 8TH
San Francisco Giants batting - Pitching for Los Angeles Dodgers : RHP Bo Miller
Now in LF: Enrique Pérez
Batting: RHB Jorge Luna 0-0: Ball
1-0: Called Strike
1-1: Ball
2-1: Called Strike
2-2: Ball
3-2: Base on Balls
Batting: LHB Emílio López 0-0: Called Strike
Jorge Luna steals 2nd base
0-1: Foul Ball, location: 2LF
0-2: Ball
1-2: Fly out, F7 (Flyball, 7, EV 86.3 MPH)
Batting: SHB Jesús Sosa 0-0: Ball
1-0: Ball
2-0: Ball
3-0: Called Strike
3-1: Swinging Strike
3-2: Strikes out swinging
Pitching: RHP Esteban Chávez
Batting: LHB Denis Gustafson 0-0: Called Strike
0-1: Called Strike
0-2: 2-RUN HOME RUN (Flyball, 9LD, EV 88.8 MPH), Distance : 340 ft
Batting: RHB Rafael Pérez 0-0: Ball
1-0: Ball
2-0: Foul Ball, location: 23F
2-1: Foul Ball, location: 9LMF
2-2: Ball
3-2: Foul Ball, location: 9LSF
3-2: Foul Ball, location: 2F
3-2: Fly out, F8 (Flyball, 8RM, EV 90.6 MPH)
Top of the 8th over - 2 runs, 1 hit, 0 errors, 0 left on base; San Francisco 10 - Los Angeles 7
BOTTOM OF THE 8TH
Los Angeles Dodgers batting - Pitching for San Francisco Giants : LHP Eduardo Gallardo
Batting: RHB Andrés Ortíz 0-0: Called Strike
0-1: Foul Ball, location: 9LSF
0-2: Ball
1-2: Strikes out looking
Batting: RHB Emílio Méndez 0-0: Ball
1-0: Ball
2-0: SINGLE (Line Drive, 34D, EV 105.6 MPH)
Batting: RHB Christian Gibbons 0-0: Called Strike
0-1: Grounds into double play, 6-4-3 (Groundball, 6, EV 83.1 MPH)
Bottom of the 8th over - 0 runs, 1 hit, 0 errors, 0 left on base; San Francisco 10 - Los Angeles 7
TOP OF THE 9TH
San Francisco Giants batting - Pitching for Los Angeles Dodgers : RHP Esteban Chávez
Batting: LHB Donald Barnes 0-0: Ground out 3-1 (Groundball, 34S, EV 85.0 MPH)
Batting: RHB Juan Guzmán 0-0: Foul Ball, location: 9LDF
0-1: Swinging Strike
0-2: Ball
1-2: Foul Ball, location: 2F
1-2: Foul Ball, location: 23FF
1-2: Fly out, F2 (Popup, 2LF, EV 95.6 MPH)
Batting: RHB Elmer Encarnación 0-0: Ball
1-0: Foul Ball, location: 7LMFF
1-1: Swinging Strike
1-2: Ball
2-2: Strikes out looking
Top of the 9th over - 0 runs, 0 hits, 0 errors, 0 left on base; San Francisco 10 - Los Angeles 7
BOTTOM OF THE 9TH
Los Angeles Dodgers batting - Pitching for San Francisco Giants : LHP Eduardo Gallardo
Pitching: RHP Juan Carlos Muñóz
Batting: RHB John Cobb 0-0: Called Strike
0-1: Ball
1-1: Ball
2-1: Ball
3-1: Base on Balls
Pinch Hitting: LHB Phil Hubbard 0-0: Fly out, F8 (Flyball, 8RXD, EV 96.9 MPH)
Batting: LHB Marcos Miró 0-0: Swinging Strike
0-1: Foul Ball, location: 3FF
0-2: Strikes out looking
Batting: RHB Bill McBryde 0-0: Fly out, F8 (Flyball, 8RM, EV 93.1 MPH)
Bottom of the 9th over - 0 runs, 0 hits, 0 errors, 1 left on base; San Francisco 10 - Los Angeles 7
Saturday, May 4th , 2024 - OOTP Baseball 24.10 Build 82